 Dungeon Crawl Stone Soup version 0.23.1-37-gaa34b87 (webtiles) character file.

Game seed: 10763570591024419505

1304 vishdafish the Transmogrifier (level 8, -1/48 HPs)
             Began as an Octopode Transmuter on Mar 21, 2019.
             Slain by a centaur (4 damage)
             ... on level 6 of the Dungeon.
             The game lasted 00:07:04 (6145 turns).

vishdafish the Transmogrifier (Octopode Transmuter) Turns: 6145, Time: 00:07:04

Health: -1/48      AC:  1    Str: 11    XL:     8   Next: 57%
Magic:  4/12       EV: 13    Int: 15    God:
Gold:   254        SH:  0    Dex: 13    Spells: 5/13 levels left

rFire    . . .     SeeInvis .     - Unarmed
rCold    . . .     Gourm    .   (shield currently unavailable)
rNeg     . . .     Faith    .   (helmet restricted)
rPois    .         Spirit   .   (no amulet)
rElec    .         Reflect  .   (no ring)
rCorr    .         Harm     .   (no ring)
MR       .....                  (no ring)
Stlth    ++........             (no ring)
HPRegen  0.16/turn              (no ring)
MPRegen  0.13/turn              (no ring)
                                (no ring)
                                (no ring)

@: blade tentacles, very slightly contaminated
A: almost no armour, stealthy swim, amphibious, 8 rings, constrict 8, camouflage
1, gelatinous body 1
a: End Transformation


You were on level 6 of the Dungeon.
You were not hungry.
You had blades for tentacles.
You visited 1 branch of the dungeon, and saw 6 of its levels.

You collected 254 gold pieces.

Inventory:

Missiles
 a - 66 arrows
Jewellery
 i - an uncursed ring of fire
Wands
 k - a wand of acid (7)
 m - a wand of flame (16)
 p - a wand of clouds (7)
Scrolls
 b - 2 scrolls of magic mapping
 e - a scroll of enchant armour
 h - a scroll of random uselessness
 j - a scroll of identify
 o - 2 scrolls of enchant weapon
 q - a scroll of immolation {unknown}
Potions
 d - 3 potions of might
 f - a potion of agility
 g - a potion of magic
 l - a potion of resistance {unknown}
 n - a potion of brilliance {unknown}
Comestibles
 c - 4 rations


   Skills:
 - Level 1.0 Fighting
 - Level 2.0 Dodging
 * Level 4.6 Unarmed Combat
 + Level 3.0 Spellcasting
 - Level 9.4 Transmutations


You had 5 spell levels left.
You knew the following spells:

 Your Spells              Type           Power        Failure   Level  Hunger
a - Beastly Appendage     Tmut           ####..       11%         1    #......
b - Sticks to Snakes      Tmut           ####....     13%         2    ##.....
c - Blade Hands           Tmut           ####......   50%         5    ######.

Your spell library contained the following spells:

 Spells                   Type           Power        Failure   Level  Hunger
 Spider Form              Tmut/Pois      ###.......   43%         3    ###....
 Ice Form                 Ice/Tmut       ###.....     71%         4    #####..


Dungeon Overview and Level Annotations

Branches:
Dungeon (6/15)
 Temple: D:4-7

Altars:
Nemelex Xobeh
Qazlal
Trog
Vehumet
Wu Jian


Innate Abilities, Weirdness & Mutations

You cannot wear most types of armour.
You are very stealthy in the water. (Stealth+)
You are amphibious.
You can wear up to eight rings at the same time.
You can use your tentacles to constrict eight enemies at once.
Your skin changes colour to match your surroundings (Stealth+).
Your rubbery body absorbs attacks. (AC +1, EV +1)


Message History

The ice beast hits you. The ice beast freezes you!
You slash the ice beast!
The ice beast is heavily wounded.
The ice beast hits you.
* * * LOW HITPOINT WARNING * * *
The ice beast freezes you.
* * * LOW HITPOINT WARNING * * *
You slice the ice beast!!
You kill the ice beast!
Your Spellcasting skill increases to level 3!
The centaur shoots an arrow.
The arrow hits you.
* * * LOW HITPOINT WARNING * * *
Okay, then.
The centaur unwields a +0 shortbow.
The centaur closely misses you. The centaur barely misses you.
Okay, then.
You hit the centaur.
The centaur is moderately wounded.
The centaur hits you.
You die...

#....(.##...##
##...........#
#####..(....#
#.##...##
####..## ##.#
#.# #c# #@#
#(# ##.# #.<#
##..#####
####....#..#
#....#...###
#######.## #.#


You could see a centaur.

Vanquished Creatures
  Pikel (D:5)
  An ice beast (D:6)
  A slave (D:4)
  A centaur (D:5)
  A bullfrog (D:4)
  3 scorpions
  2 howler monkeys
  2 crimson imps (D:5)
  A hound (D:4)
  2 orc priests (D:5)
  2 orc wizards
  A worker ant (D:5)
  A worker ant zombie (D:2)
  8 adders
  4 gnolls
  3 dart slugs (D:2)
  4 leopard geckos
  13 orcs
  2 ball pythons
  5 bats
  2 giant cockroaches (D:3)
  7 goblins
  2 hobgoblins (D:2)
  7 jackals
  9 kobolds
  A quokka (D:4)
  3 frilled lizards
  A jackal skeleton (D:4)
  2 rats
92 creatures vanquished.

Vanquished Creatures (others)
  A slave (D:5)
  3 gnolls (D:5)
  An ooze (D:5)
5 creatures vanquished.

Grand Total: 97 creatures vanquished

Notes
Turn   | Place    | Note
-------+----------+-------------------------------------------
     0 | D:1      | vishdafish the Octopode Transmuter began the quest for the
                  | Orb.
     0 | D:1      | Reached XP level 1. HP: 13/13 MP: 3/3
   665 | D:1      | Reached XP level 2. HP: 13/18 MP: 5/5
   801 | D:2      | Found a bloodstained altar of Trog.
   869 | D:2      | Reached skill level 3 in Transmutations
   892 | D:2      | Reached XP level 3. HP: 20/23 MP: 4/6
  1351 | D:2      | Reached skill level 4 in Transmutations
  1675 | D:2      | Reached XP level 4. HP: 22/28 MP: 7/7
  2403 | D:3      | Reached skill level 5 in Transmutations
  2698 | D:3      | Reached XP level 5. HP: 29/33 MP: 8/8
  3157 | D:3      | Learned a level 2 spell: Sticks to Snakes
  3166 | D:3      | Learned a level 5 spell: Blade Hands
  3357 | D:4      | Reached skill level 6 in Transmutations
  3357 | D:4      | Reached XP level 6. HP: 14/38 MP: 9/9
  3602 | D:4      | Found a stormy altar of Qazlal.
  3709 | D:4      | Found an ornate altar of the Wu Jian Council.
  3725 | D:4      | You fall through a shaft!
  3725 | D:5      | Entered Level 5 of the Dungeon
  3804 | D:5      | Reached skill level 7 in Transmutations
  4123 | D:4      | Found a radiant altar of Vehumet.
  4129 | D:4      | Found a sparkling altar of Nemelex Xobeh.
  4493 | D:5      | Noticed a slave
  4494 | D:5      | Reached XP level 7. HP: 43/43 MP: 10/10
  4500 | D:5      | Noticed Pikel
  4869 | D:5      | Killed Pikel
  4869 | D:5      | Reached skill level 9 in Transmutations
  4869 | D:5      | Reached XP level 8. HP: 11/48 MP: 6/11
  6143 | D:6      | HP: 2/48 [centaur/arrow (6)]
  6145 | D:6      | Slain by a centaur

Skill      XL: |  1  2  3  4  5  6  7  8 |
---------------+-------------------------+-----
Transmutations | 3 4 5 6 7 9 |  9.4
Unarmed Combat | 4 |  4.6
Spellcasting   | 3 |  3.0
Fighting       | |  1.0
Dodging        | |  2.0

Action                   |  1- 3 |  4- 6 |  7- 9 || total
-------------------------+-------+-------+-------++-------
Melee: Unarmed           |    62 |   122 |    50 ||   234
       Constrict         |    13 |    32 |    13 ||    58
       Tentacles         |    10 |    17 |     8 ||    35
       Punch             |     1 |     5 |     2 ||     8
       Kick              |     1 |    11 |       ||    12
 Cast: Beastly Appendage |     1 |     3 |       ||     4
       Blade Hands       |       |     1 |     8 ||     9
Evoke: Wand              |       |     2 |     1 ||     3
  Use: Scroll            |       |     9 |       ||     9
       Potion            |       |     3 |     2 ||     5
 Stab: Sleeping          |     1 |     3 |       ||     4
       Invisible         |       |     3 |       ||     3
  Eat: Chunk             |     1 |     2 |     4 ||     7
       Ration            |       |     3 |     1 ||     4
Armor: Skin              |     7 |     4 |     1 ||    12
Dodge: Dodged            |    44 |    81 |    36 ||   161
